 Dungeon Crawl Stone Soup version bcrawl-1.24 (webtiles) character file.

Game seed: 15755973195263967771

169 Morbidden the Ruffian (level 5, 0/49 HPs)
             Began as a Troll Sloth Apostle on June 11, 2020.
             Was a Follower of Cheibriados.
             Slain by a bullfrog (7 damage)
             ... on level 4 of the Dungeon.
             The game lasted 00:02:52 (2496 turns).

Morbidden the Ruffian (Troll Sloth Apostle)         Turns: 2496, Time: 00:02:52

Health: 0/49       AC:  7    Str: 23    XL:     5   Next: 25%
Magic:  6/6        EV: 15    Int: 13    God:    Cheibriados [*.....]
Gold:   182        SH:  0    Dex: 17    Spells: 6/7 levels left

rFire    . . .     SeeInvis .     - Unarmed
rCold    . . .     Gourm    +   (no shield)
rNeg     . . .     Faith    .   (armour unavailable)
rPois    .         Spirit   .   (helmet restricted)
rElec    .         Reflect  .   p - +0 cloak
rCorr    .         Harm     .   (gloves unavailable)
MR       .....                  (boots unavailable)
Stlth    +++.......             (no amulet)
HPRegen  0.56/turn              (no ring)
MPRegen  0.10/turn              (no ring)

@: agile, hasted, quick
A: large, almost no armour, unfitting armour, claws 3, fast metabolism 3,
gourmand, regeneration 1, AC +6
a: Bend Time, Renounce Religion


You were on level 4 of the Dungeon.
You worshipped Cheibriados.
Cheibriados was aware of your devotion.
You were completely stuffed.

You visited 1 branch of the dungeon, and saw 4 of its levels.

You collected 182 gold pieces.

Inventory:

Hand Weapons
 t - a +0 blowgun
Missiles
 u - 44 poisoned needles
Armour
 p - a +0 cloak (worn)
Wands
 b - a wand of paralysis (10)
 l - a wand of flame (20)
Scrolls
 a - 2 scrolls of enchant weapon {unknown}
 c - a scroll of remove curse {unknown}
 f - 2 scrolls of immolation {unknown}
 g - 5 scrolls of identify {unknown}
 i - a scroll of noise {unknown}
 n - a scroll of fear {unknown}
 o - a scroll of teleportation {unknown}
 r - a scroll of fog {unknown}
Potions
 d - 2 potions of agility
 h - a potion of curing
 k - a potion of experience {unknown}
 m - a potion of degeneration {unknown}
 q - a potion of magic {unknown}
 s - a potion of mutation {unknown}
Comestibles
 e - 9 rations {!d}


   Skills:
 * Level 2.0 Fighting
 * Level 1.4 Dodging
 + Level 2.3 Stealth
   Level 1.2 Shields
 + Level 3.3 Unarmed Combat
 * Level 1.5 Spellcasting
 + Level 1.2 Hexes
 * Level 1.0 Invocations
 + Level 0.6 Evocations


You had 6 spell levels left.
You knew the following spells:

 Your Spells              Type           Power        Failure   Level  Hunger
a - Slow                  Hex            #.......     16%         1    ##.....
Your spell library was empty.

Dungeon Overview and Level Annotations

Branches:
Dungeon (4/12)
 Temple: D:4-7

Altars:


Innate Abilities, Weirdness & Mutations

You cannot wear most types of armour.
Your thick skin is tough. (AC +6)
You are too large for most types of armour.
You have claws for hands.
Your metabolism is lightning-fast.
You like to eat raw meat.
Your natural rate of healing is unusually fast.


Message History

The hound bites you but does no damage. The bullfrog closely misses you.
Unknown command.
It was a potion of haste.
You feel yourself speed up.
Cheibriados forgives your accidental hurry, just this once.
The hound bites you but does no damage. The bullfrog barely misses you.
Unknown command.
You claw the bullfrog!
The bullfrog is almost dead.
The hound bites you.
* * * LOW HITPOINT WARNING * * *
The bullfrog hits you.
* * * LOW HITPOINT WARNING * * *
The hound bites you but does no damage.
Unknown command.
You completely miss the bullfrog.
The bullfrog is almost dead.
The bullfrog closely misses you. The hound bites you.
* * * LOW HITPOINT WARNING * * *
The bullfrog hits you!
You die...

. #..... ##[ .... ....
.... ....##... .
........### .#.#.
..........##.#....
#.....Fh..[...... .##
##.@..........
....#...........#
...........$....#
................##
...$.............####
................##..## #
....#............#...###
...##................##.
...........#......#.....


You could see a bullfrog and a hound.

Vanquished Creatures
  A crimson imp (D:4)
  An orc wizard (D:3)
  5 adders (D:3)
  An ooze (D:3)
  4 worms (D:2)
  2 leopard geckos (D:3)
  3 orcs (D:3)
  6 goblins
  5 hobgoblins
  A quokka (D:2)
  2 frilled lizards
  10 kobolds
  A rat (D:2)
42 creatures vanquished.

Notes
Turn   | Place    | Note
-------+----------+-------------------------------------------
     0 | D:1      | Morbidden the Troll Sloth Apostle began the quest for the
                  | Orb.
     0 | D:1      | Reached XP level 1. HP: 19/19 MP: 1/1
   361 | D:1      | Reached XP level 2. HP: 23/27 MP: 2/2
  1421 | D:2      | Reached XP level 3. HP: 35/35 MP: 3/3
  1787 | D:3      | Reached * piety under Cheibriados
  1838 | D:3      | Found a faded altar of an unknown god.
  1976 | D:3      | Reached skill level 1 in Dodging
  1976 | D:3      | Gained mutation: Your natural rate of healing is unusually
                  | fast. [Troll growth]
  1976 | D:3      | Reached XP level 4. HP: 33/42 MP: 3/5
  2045 | D:3      | Reached skill level 3 in Unarmed Combat
  2472 | D:4      | Reached skill level 1 in Invocations
  2472 | D:4      | Reached XP level 5. HP: 46/49 MP: 6/6
  2482 | D:4      | Noticed a phantom
  2496 | D:4      | Slain by a bullfrog

Skill      XL: |  1  2  3  4 |
---------------+-------------+-----
Stealth        | 2 |  2.3
Dodging        | 1 |  1.4
Fighting       | 2 |  2.0
Unarmed Combat | 3 |  3.3
Invocations    | 1 |  1.0
Shields        | |  1.2
Spellcasting   | |  1.5
Hexes          | |  1.2
Evocations     | |  0.6

Action                   |  1- 3 |  4- 6 || total
-------------------------+-------+-------++-------
Melee: Unarmed           |    87 |    56 ||   143
       Punch             |       |     1 ||     1
  Use: Potion            |       |     3 ||     3
 Stab: Sleeping          |     5 |     3 ||     8
  Eat: Chunk             |    19 |     3 ||    22
Armor: Skin              |    28 |    25 ||    53
Dodge: Dodged            |    30 |    31 ||    61
